 Dungeon Crawl Stone Soup version 0.28.0-43-g3370ac3207 (webtiles) character file.

Game seed: 10392205111799132420

32176 tizbic2 the Slinger (level 13, 0/88 HPs)
             Began as a Demonspawn Wanderer on Mar 4, 2022.
             Was a High Priest of Qazlal.
             Slain by a ghost moth (10 damage)
             ... led by a torpor snail
             ... on level 2 of the Lair of Beasts.
             The game lasted 02:39:23 (16992 turns).

tizbic2 the Slinger (Demonspawn Wanderer)          Turns: 16992, Time: 02:39:23

Health: 0/88       AC: 14    Str: 11      XL:     13   Next: 30%
Magic:  0/23       EV: 10    Int: 15 (16) God:    Qazlal [*****.]
Gold:   456        SH:  0    Dex: 17      Spells: 9/25 levels left

rFire   . . .      SeeInvis .   x - +9 staff of Wucad Mu {*channel}
rCold   . . .      Faith    .   t - +4 kite shield of Imperfection {Will+ Str-3 Int+3 Slay+2}
rNeg    . . .      Spirit   +   K - +1 robe of an ice cave {rElec rPois}
rPois   +          Reflect  .   f - +2 helmet
rElec   +          Harm     .   (no cloak)
rCorr   .          Rampage  .   (gloves unavailable)
Will    +....                   (no boots)
Stlth   +.........              P - amulet of guardian spirit
HPRegen 0.24/turn               s - +4 ring of protection
MPRegen 0.18/turn               M - ring of wizardry

@: confused, ambrosia-drunk, repel missiles
A: demonic guardian 2, icemail 1, condensation shield, demonic touch 3
a: Renounce Religion, Upheaval, Elemental Force, Disaster Area


You were on level 2 of the Lair of Beasts.
You worshipped Qazlal.
Qazlal was extremely pleased with you.
You visited 3 branches of the dungeon, and saw 15 of its levels.
You also visited: Bailey.

You collected 1044 gold pieces.
You spent 588 gold pieces at shops.

Inventory:

Hand Weapons
 a - a +3 spear
 r - a +0 halberd
 w - the +8 hunting sling of Ecseotsi {flame, rF+ rC+}
   (You found it on level 4 of the Dungeon)

   Any ammunition fired from it burns those it strikes, dealing additional fire
   damage.
   rF:        It protects you from fire.
   rC:        It protects you from cold.
 x - the +9 staff of Wucad Mu (weapon) {*channel}
   (You acquired it on level 3 of the Lair of Beasts)

   It occasionally powers its wielder's spells, but with a chance of causing
   confusion or draining the wielder's intelligence.
   It becomes more likely to activate and less likely to backfire with increased
   Evocations skill.
Missiles
 d - 599 stones
 l - a curare-tipped dart
 y - 93 sling bullets
 B - 13 boomerangs
 I - 7 poisoned darts
 Q - 3 throwing nets
 S - 6 javelins
Armour
 c - an orb of wrath
 f - a +2 helmet (worn)
 t - the +4 kite shield of Imperfection (worn) {Will+ Str-3 Int+3 Slay+2}
   (You acquired it on level 8 of the Dungeon)

   Str:       It affects your strength (-3).
   Int:       It affects your intelligence (+3).
   Slay:      It affects your accuracy & damage with ranged weapons and melee
   (+2).
   Will:      It increases your willpower.
 H - a +3 scale mail
 K - the +1 robe of an ice cave (worn) {rElec rPois}
   (You found it on level 8 of the Dungeon)

   rElec:     It insulates you from electricity.
   rPois:     It protects you from poison.
Jewellery
 b - a ring of flight
 q - a ring of protection from cold
 s - a +4 ring of protection (left hand)
 v - a +6 ring of intelligence
 L - a ring of protection from fire
 M - a ring of wizardry (right hand)
 P - an amulet of guardian spirit (around neck)
 R - a ring of poison resistance
Wands
 h - a wand of digging (15)
 D - a wand of acid (7)
 F - a wand of flame (33)
 N - a wand of paralysis (4)
Scrolls
 g - 4 scrolls of teleportation
 k - 4 scrolls of fear
 u - 2 scrolls of torment
 z - 5 scrolls of fog
 O - a scroll of enchant weapon
 U - a scroll of vulnerability
Potions
 e - a potion of berserk rage {unknown}
 i - 2 potions of might
 j - 2 potions of resistance {unknown}
 m - 6 potions of ambrosia
 n - a potion of brilliance {unknown}
 o - a potion of heal wounds
 p - 3 potions of haste
 A - a potion of magic
 C - 5 potions of curing
 E - 2 potions of attraction {unknown}
 G - 2 potions of mutation
 J - a potion of lignification


   Skills:
 - Level 4.1 Fighting
 - Level 5.9(6.3) Polearms
 * Level 3.0(4.8) Staves
 - Level 12.0 Slings
 - Level 1.1(7.7) Throwing
 - Level 10.9 Shields
 - Level 5.5 Unarmed Combat
 - Level 6.9 Spellcasting
 - Level 1.4 Conjurations
 - Level 7.6 Air Magic
 - Level 2.2 Earth Magic
 - Level 2.6 Invocations


You had 9 spell levels left.
You knew the following spells:

 Your Spells              Type           Power      Damage    Failure   Level
b - Poisonous Vapours     Pois/Air       32%        N/A       3%          2
c - Summon Lightning Spi  Summ/Air       16%        N/A       24%         4
d - Ensorcelled Hibernat  Hex/Ice        10%        N/A       17%         2
e - Passwall              Tmut/Erth      6%         N/A       11%         2
f - Summon Guardian Gole  Hex/Summ       5%         N/A       32%         3
g - Confusing Touch       Hex            5%         N/A       32%         3

Your spell library contained the following spells:

 Spells                   Type           Power      Damage    Failure   Level
 Shock                    Conj/Air       72%        1d7       1%          1
 Swiftness                Air            28%        N/A       1%          3
 Corpse Rot               Necr/Air       32%        N/A       3%          2
 Mephitic Cloud           Conj/Pois/Air  14%        N/A       10%         3
 Beastly Appendage        Tmut           10%        N/A       12%         1
 Slow                     Hex            20%        N/A       12%         1
 Summon Small Mammal      Summ           20%        N/A       12%         1
 Sublimation of Blood     Necr           5%         N/A       17%         2
 Wereblood                Tmut           5%         N/A       17%         2
 Call Canine Familiar     Summ           5%         N/A       32%         3
 Inner Flame              Hex/Fire       5%         N/A       32%         3
 Spider Form              Tmut/Pois      5%         N/A       32%         3
 Vampiric Draining        Necr           5%         2d6       32%         3
 Leda's Liquefaction      Hex/Erth       4%         N/A       54%         4
 Petrify                  Tmut/Erth      8%         N/A       54%         4
 Cause Fear               Hex            2%         N/A       71%         4
 Lee's Rapid Deconstruct  Erth           6%         3d7*      73%         5
 Irradiate                Conj/Tmut      3%         3d14      90%         5
 Yara's Violent Unravell  Hex/Tmut       2%         3d3       95%         5
 Statue Form              Tmut/Erth      5%         N/A       100%        6
 Enfeeble                 Hex            2%         N/A       100%        7
 Storm Form               Tmut/Air       8%         N/A       100%        7
 Discord                  Hex            2%         N/A       100%        8
 Maxwell's Capacitive Co  Air            14%        ∞         100%        8


Dungeon Overview and Level Annotations

Branches:
Dungeon (10/15)            Temple (0/1) D:7            Lair (4/6) D:10
 Shoals (0/4) Lair:4       Spider (1/4) Lair:2       Bailey (visited)
    Orc: D:9-12

Altars:
Cheibriados
Elyvilon
Makhleb
Nemelex Xobeh
Okawaru
Qazlal
Wu Jian

Shops:
D:2 =   D:4 !

Annotations:
Lair:3 2 transporters, WaxSun's ghost, journeyman DgEE


Innate Abilities, Weirdness & Mutations

A demonic guardian rushes to your aid.
A meltable icy envelope protects you from harm. (AC +4)
A meltable shield of frost defends you. (SH +4)
Your touch may irresistibly damage your foes and sap their willpower.


Message History

* * * LOW HITPOINT WARNING * * *
You feel you are being watched by something.
You block something's attack. Something hits you.
* * * LOW HITPOINT WARNING * * *
You feel dopey. Something completely misses you.
The torpor snail completely misses your orange demon.
You climb upwards.
Welcome back to the Lair of Beasts!
Reactivating autopickup.
You feel yourself speed up.
There is a hole to the Spider Nest here.
You start resting.
You feel you are being watched by something.
You feel your power leaking away. Something hits you but does no damage.
Deactivating autopickup; reactivate with Ctrl-A.
Something hits you but does no damage.
Something stings you but does no damage.
You feel much better.
You feel you are being watched by something.
You block something's attack. x2
Something stings you but does no damage.
Casting: Summon Lightning Spire (dangerous; 24% risk of failure)
Confirm with . or Enter, or press ? or * to list all spells.
You don't have enough magic to cast this spell.
You are confused.
You feel invigorated. Something hits you! x2
* * * LOW HITPOINT WARNING * * *
Something stings you.
* * * LOW HITPOINT WARNING * * *
Unknown command.
You feel you are being watched by something.
You feel your power leaking away. Something hits you!
* * * LOW HITPOINT WARNING * * *
Something hits you but does no damage.
Something stings you but does no damage.
You feel you are being watched by something.
Something hits you!
You die...

### ###.### ##
#.#^#^#..## ##.#...#.#^
# #######.#......^###
######..##.P.##.#.##^^.#
..............#.^^#.^.^#
...#.##.#...#...@>#.^#
..######....#^#☼#○.○.#
..# #P.....#..#○.## ..#
##.#..#.#^##^.### ..#
##.#..#.^#.###..# ..#
#.....)#^..#...## ..#
#####.#...#...#...#
..#.#..P.............##
..............#....###


There were no monsters in sight!

Vanquished Creatures
  A boulder beetle (D:10)
  Harold (Lair:1)
  3 hydras
  A death knight (D:10)
  A centaur warrior (D:10)
  2 two-headed ogres (D:9)
  2 orc knights (Bailey)
  A cyclops (D:10)
  3 merfolk sirens (Lair:4)
  3 black mambas
  8 cane toads
  A rime drake (Lair:3)
  5 komodo dragons
  A queen bee (Lair:1)
  2 nameless horrors
  A troll (D:9)
  A polar bear (Lair:3)
  A merfolk (Lair:4)
  4 tarantellas
  5 blink frogs
  A shadow (D:7)
  Eustachio (D:4)
  2 wyverns
  A vampire (D:10)
  16 yaks
  3 basilisks
  4 vampire mosquitoes (D:10)
  An acid dragon (D:9)
  13 water moccasins
  11 orc warriors
  2 sky beasts
  4 ice beasts
  4 black bears
  A hornet zombie (D:6)
  2 wolves (Lair:2)
  3 centaurs
  A phantom (D:4)
  2 kobold brigands
  A scorpion (D:7)
  3 gnoll sergeants
  9 bullfrogs
  19 killer bees
  A howler monkey (D:9)
  3 wights (D:7)
  A crimson imp (D:6)
  4 centaur zombies
  A jelly (D:5)
  6 orc priests
  3 hounds
  2 gnoll shamans
  2 centaur skeletons
  3 iguanas
  Natasha (thrice) (D:3)
  8 orc wizards
  Terence (D:2)
  3 adders
  33 gnolls
  A white imp (D:5)
  5 worms
  2 dart slugs (D:1)
  23 orcs
  4 ball pythons
  6 bats
  3 endoplasms
  A giant cockroach (D:1)
  17 goblins
  18 hobgoblins
  4 jackals (D:3)
  3 quokkas
  5 frilled lizards
  14 kobolds
  7 rats
338 creatures vanquished.

Vanquished Creatures (collateral kills)
  A two-headed ogre (D:8)
  An orc knight (Bailey)
  A centaur zombie (D:10)
  2 black mambas (Lair:3)
  2 cane toads (Lair:2)
  A komodo dragon (Lair:3)
  A tarantella (Lair:2)
  5 blink frogs
  A yak (Lair:3)
  A basilisk (Lair:3)
  5 orc warriors (Bailey)
  An ogre (D:4)
  A wolf (Lair:2)
  A bullfrog (D:7)
  A scorpion (D:10)
  A water moccasin zombie (D:5)
  10 killer bees (Lair:1)
  A gnoll shaman (D:5)
  A jelly (D:4)
  A scorpion zombie (D:5)
  4 gnolls
  A ball python (D:1)
  2 goblins
  A kobold (D:1)
  A quokka (D:1)
48 creatures vanquished.

Vanquished Creatures (others)
  3 yaks (Lair:2)
  A killer bee (Lair:1)
  51 fungi
  30 plants
85 creatures vanquished.

Grand Total: 471 creatures vanquished

Notes
Turn   | Place    | Note
-------+----------+-------------------------------------------
     0 | D:1      | tizbic2 the Demonspawn Wanderer began the quest for the
                  | Orb.
     0 | D:1      | tizbic2 set off with the following items: a +3 spear, a +0
                  | leather armour; and the following spell memorised: Shock;
                  | and the following spells available to memorise: Mephitic
                  | Cloud
     0 | D:1      | Reached XP level 1. HP: 16/16 MP: 2/2
   286 | D:1      | Gained mutation: A weak demonic guardian rushes to your
                  | aid. [demonic ancestry]
   286 | D:1      | Reached XP level 2. HP: 19/22 MP: 1/3
   885 | D:1      | Found a faded altar of an unknown god.
   925 | D:1      | Gained mutation: A meltable shield of frost defends you.
                  | (SH +4) [demonic ancestry]
   925 | D:1      | Reached XP level 3. HP: 28/28 MP: 1/5
  1339 | D:2      | Noticed Terence
  1352 | D:2      | Killed Terence
  1353 | D:2      | Reached XP level 4. HP: 27/34 MP: 0/6
  1444 | D:2      | Found Wasobib's Jewellery Shoppe.
  1480 | D:2      | Reached skill level 1 in Earth Magic
  2149 | D:3      | You fall into a shaft and drop 2 floors!
  2149 | D:5      | Entered Level 5 of the Dungeon
  2167 | D:5      | Noticed a water moccasin
  2425 | D:4      | Noticed a phantom
  2449 | D:4      | Found Zakhetizuly's Distillery.
  2735 | D:3      | Reached XP level 5. HP: 40/40 MP: 6/8
  2887 | D:3      | Noticed Natasha
  2895 | D:3      | Killed Natasha
  2926 | D:3      | Noticed Natasha
  2937 | D:3      | Killed Natasha
  3563 | D:4      | Noticed an ogre
  3591 | D:4      | Killed an ogre
  3592 | D:4      | Reached skill level 5 in Polearms
  3592 | D:4      | Gained mutation: A meltable icy envelope protects you from
                  | harm. (AC +4) [demonic ancestry]
  3592 | D:4      | Reached XP level 6. HP: 25/47 MP: 5/9
  3771 | D:4      | Noticed Eustachio
  3810 | D:4      | Reached skill level 1 in Unarmed Combat
  3956 | D:3      | Noticed Natasha
  3967 | D:3      | Killed Natasha
  3968 | D:3      | Reached skill level 1 in Throwing
  4429 | D:4      | Gained mutation: A demonic guardian rushes to your aid.
                  | [demonic ancestry]
  4429 | D:4      | Reached XP level 7. HP: 33/52 MP: 4/11
  4682 | D:4      | Identified the +8 hunting sling of Ecseotsi {flame, rF+
                  | rC+}
  4770 | D:4      | Killed Eustachio
  4771 | D:4      | Reached skill level 1 in Slings
  4771 | D:4      | Reached skill level 1 in Shields
  4771 | D:4      | Reached skill level 1 in Conjurations
  5066 | D:5      | Reached skill level 2 in Slings
  5092 | D:5      | Found a stormy altar of Qazlal.
  5098 | D:5      | Became a worshipper of Qazlal Stormbringer
  5175 | D:5      | Reached skill level 3 in Slings
  5335 | D:5      | Gained mutation: Your touch may inflict minor irresistible
                  | damage on your foes. [demonic ancestry]
  5335 | D:5      | Reached XP level 8. HP: 58/58 MP: 13/13
  5375 | D:5      | Reached skill level 4 in Slings
  5435 | D:5      | Learned a level 2 spell: Poisonous Vapours
  5884 | D:6      | Found a burning altar of Makhleb.
  5927 | D:6      | Reached skill level 5 in Slings
  6165 | D:6      | Found an iron altar of Okawaru.
  6339 | D:6      | Reached skill level 5 in Spellcasting
  6613 | D:7      | Found a flagged portal.
  6614 | D:7      | Reached * piety under Qazlal
  6636 | Bailey   | Entered a bailey
  6679 | Bailey   | Reached skill level 6 in Slings
  6679 | Bailey   | Reached XP level 9. HP: 64/64 MP: 16/16
  6897 | Bailey   | Noticed an orc knight
  6951 | Bailey   | Killed an orc knight
  7323 | Bailey   | Noticed an orc knight
  7356 | Bailey   | Reached skill level 7 in Slings
  7372 | Bailey   | Killed an orc knight
  7567 | Bailey   | Reached ** piety under Qazlal
  7667 | Bailey   | Noticed an orc knight
  7691 | Bailey   | Reached skill level 8 in Slings
  7696 | Bailey   | Killed an orc knight
  7697 | Bailey   | Reached skill level 5 in Unarmed Combat
  7697 | Bailey   | Gained mutation: Your touch may inflict irresistible damage
                  | on your foes. [demonic ancestry]
  7697 | Bailey   | Reached XP level 10. HP: 43/70 MP: 8/19
  8120 | Bailey   | Noticed an orc warlord
  8221 | D:7      | Found a staircase to the Ecumenical Temple.
  9147 | D:8      | Reached *** piety under Qazlal
  9328 | D:8      | Reached skill level 9 in Slings
  9369 | D:8      | Acquired the +4 kite shield of Imperfection {Will+ Str-3
                  | Int+3 Slay+2}
  9578 | D:8      | Identified the +1 robe of an ice cave {rElec rPois}
  9652 | D:8      | Noticed a two-headed ogre
  9668 | D:8      | Killed a two-headed ogre
  9983 | D:9      | Found a snail-covered altar of Cheibriados.
 10453 | D:9      | Reached XP level 11. HP: 48/75 MP: 9/21
 10767 | D:9      | Noticed a two-headed ogre
 10791 | D:9      | Killed a two-headed ogre
 10792 | D:9      | Reached skill level 10 in Slings
 10836 | D:9      | Noticed a two-headed ogre
 10849 | D:9      | Killed a two-headed ogre
 10850 | D:9      | Reached skill level 5 in Shields
 11141 | D:9      | Found an ornate altar of the Wu Jian Council.
 11238 | D:10     | Entered Level 10 of the Dungeon
 11397 | D:10     | Noticed a centaur warrior
 11409 | D:10     | Killed a centaur warrior
 11424 | D:10     | Noticed a death knight
 11427 | D:10     | Noticed a boulder beetle
 11454 | D:10     | Reached **** piety under Qazlal
 11652 | D:10     | Learned a level 4 spell: Summon Lightning Spire
 11655 | D:10     | Learned a level 2 spell: Ensorcelled Hibernation
 11658 | D:10     | Learned a level 2 spell: Passwall
 11975 | D:10     | Killed a boulder beetle
 11976 | D:10     | Reached skill level 5 in Air Magic
 11995 | D:10     | Found a staircase to the Lair.
 12088 | D:10     | Killed a death knight
 12846 | D:2      | Bought an amulet of guardian spirit for 390 gold pieces
 12874 | D:4      | Bought 2 potions of curing for 66 gold pieces
 12874 | D:4      | Bought 2 potions of curing for 66 gold pieces
 12874 | D:4      | Bought a potion of curing for 33 gold pieces
 12874 | D:4      | Bought a potion of curing for 33 gold pieces
 13012 | Lair:1   | Entered Level 1 of the Lair of Beasts
 13060 | Lair:1   | Noticed Harold
 13080 | Lair:1   | Killed Harold
 13180 | Lair:1   | Learned a level 3 spell: Summon Guardian Golem
 13198 | Lair:1   | Reached XP level 12. HP: 72/81 MP: 14/22
 13255 | Lair:1   | Learned a level 3 spell: Confusing Touch
 13275 | Lair:1   | Reached skill level 11 in Slings
 13515 | Lair:1   | Reached ***** piety under Qazlal
 13917 | Lair:2   | Noticed a seven-headed hydra
 14169 | Lair:2   | Killed a seven-headed hydra
 14513 | Lair:2   | Found a hole to the Spider Nest.
 14703 | Spider:1 | Entered Level 1 of the Spider Nest
 14994 | Lair:2   | Reached skill level 10 in Shields
 15142 | Lair:3   | Noticed a seven-headed hydra
 15151 | Lair:3   | Noticed an eight-headed hydra
 15228 | Lair:3   | Noticed WaxSun's ghost (journeyman DgEE)
 15344 | Lair:3   | Gained mutation: Your touch may irresistibly damage your
                  | foes and sap their willpower. [demonic ancestry]
 15344 | Lair:3   | Reached XP level 13. HP: 60/87 MP: 2/23
 15641 | Lair:3   | Reached skill level 12 in Slings
 16003 | Lair:3   | Acquired the +9 staff of Wucad Mu {*channel}
 16003 | Lair:3   | Found the +9 staff of Wucad Mu {*channel}
 16288 | Lair:3   | Found a transporter.
 16293 | Lair:3   | Found a transporter.
 16433 | Lair:4   | Reached skill level 1 in Staves
 16557 | Lair:4   | Found a staircase to the Shoals.
 16846 | Lair:4   | Found a sparkling altar of Nemelex Xobeh.
 16992 | Lair:2   | Slain by a ghost moth

Illustrated notes

Levels and vault maps discovered:
D:1:      evilmike_arrival_hilbert_curve, layout_basic,
          shapermc_ecumenical_altar_flowoftime, minivault_4
D:2:      layout_rooms, serial_shops, nicolae_shop_behind_doors, uniq_terence
D:3:      layout_loops_corners, uniq_natasha
D:4:      layout_basic, serial_shops, nicolae_stop_n_shop_1, grunt_ministairs_2,
          minmay_misc_feat_plants, uniq_eustachio
D:5:      layout_loops_cross, lemuel_doored_altar
D:6:      layout_rooms, makhleb_grotto_becter, mainiacjoe_overflow_alcove_4,
          nicolae_lava_and_water, moated_statue
D:7:      layout_loops_ring, mainiacjoe_overflow_catwalk,
          minmay_temple_entry_trees, enter_bailey_5
D:8:      layout_basic
D:9:      minmay_bubble_buster, layout_loops_ring, slow_altar_1,
          nicolae_overflow_hidden_temple, kennysheep_small_square
D:10:     layout_loops_corners, due_lair_maze_entry_diamond, chequers_arboretum,
          moated_statue, chequers_decorated_corner, roderic_serpentine_path,
          dk_noncrumbling_4, kb_rosetta
Lair:1:   layout_roguey [special_room_bee], chequers_serial_rivers_small_a,
          serial_bayou_pond_e, uniq_harold
Lair:2:   layout_chaotic_city, spider_nest_entry_rubble, grunt_megastairs_2
Lair:3:   layout_long_grid, gammafunk_ghost_hive
Lair:4:   layout_gridlike, elwin_shoals_entry_stream, basic_altar,
          lemuel_fruit_tree
Spider:1: layout_cave_pods, hangedman_spider_tarantella_strand, uniq_roxanne

Skill      XL: |  1  2  3  4  5  6  7  8  9 10 11 12 13 |
---------------+----------------------------------------+-----
Polearms       | 4 5 |  5.9
Earth Magic    | 1 2 |  2.2
Spellcasting   | 2 3 5 6 |  6.9
Fighting       | 3 4 |  4.1
Unarmed Combat | 1 3 5 |  5.5
Throwing       | 1 |  1.1
Slings         | 3 6 8 9 10 11 12 | 12.0
Shields        | 1 4 7 10 | 10.9
Conjurations   | 1 |  1.4
Air Magic      | 3 5 7 |  7.6
Invocations    | 2 |  2.6
Staves         | 3 |  3.0

Action                   |  1- 3 |  4- 6 |  7- 9 | 10-12 | 13-15 || total
-------------------------+-------+-------+-------+-------+-------++-------
Melee: Spear             |    74 |   141 |    86 |   157 |    30 ||   488
       Punch             |       |     2 |     1 |     3 |       ||     6
       Halberd           |       |       |     1 |       |       ||     1
       Touch             |       |       |    11 |    12 |       ||    23
       Staff             |       |       |       |       |    31 ||    31
 Fire: Hunting sling     |       |    28 |   185 |   471 |    40 ||   724
Throw: Stone             |    24 |     7 |       |       |       ||    31
       Throwing net      |       |       |     1 |       |       ||     1
       Boomerang         |       |       |       |     2 |       ||     2
 Cast: Shock             |    30 |    61 |    23 |    11 |       ||   125
       Poisonous Vapours |       |       |    32 |    79 |     1 ||   112
       Summon Lightning  |       |       |       |    27 |     8 ||    35
       Ensorcelled Hiber |       |       |       |     6 |       ||     6
       Passwall          |       |       |       |     3 |       ||     3
       Summon Guardian G |       |       |       |     3 |     2 ||     5
  Use: Scroll            |     3 |     5 |     4 |    11 |     3 ||    26
       Potion            |       |     4 |     1 |     3 |     4 ||    12
 Stab: Sleeping          |     1 |       |       |       |       ||     1
       Distracted        |       |       |       |     2 |     1 ||     3
Armor: Leather armour    |    13 |    27 |       |       |       ||    40
       Skin              |       |     5 |    12 |       |       ||    17
       Ring mail         |       |       |    98 |    44 |       ||   142
       Robe              |       |       |       |    51 |    40 ||    91
Dodge: Dodged            |    21 |    71 |    81 |    95 |    17 ||   285
Block: Other             |     8 |    15 |    35 |    16 |       ||    74
       Orb               |       |     7 |       |       |       ||     7
       Kite shield       |       |       |       |   458 |   121 ||   579
